 Dungeon Crawl Stone Soup version 0.20-a0-945-g3bf614a (webtiles) character file.

36045 Patate the Unseen (level 13, -2/55 HPs)
             Began as a Spriggan Enchanter on Apr 1, 2017.
             Was an Elder of Dithmenos.
             Killed from afar by a lindwurm (39 damage)
             ... with a blast of flame
             ... on level 6 of the Lair of Beasts on Apr 2, 2017.
             The game lasted 01:42:58 (20695 turns).

Patate the Unseen (Spriggan Enchanter)             Turns: 20695, Time: 01:42:58

Health: -2/55      AC:  5    Str:  8    XL:     13   Next: 50%
Magic:  13/28      EV: 34    Int: 17    God:    Dithmenos [****..]
Gold:   1040       SH:  0    Dex: 23    Spells: 24/33 levels left

rFire    . . .     SeeInvis +   o - +0 dagger (venom)
rCold    . . .     Gourm    .   (shield restricted)
rNeg     . . .     Faith    .   b - +0 robe
rPois    .         Spirit   .   m - +0 hat
rElec    .         Reflect  .   p - +2 cloak
rCorr    .         Harm     .   (gloves unavailable)
MR       ++...                  (boots unavailable)
Stlth    +++++++++.             k - amulet of regeneration
Regen    0.6/turn               t - +6 ring of dexterity
MPRegen  0.3/turn               (no ring)

@: wreathed by umbra, very quick
A: unfitting armour, see invisible, herbivore 3, speed 3, slow metabolism 2
a: Shadow Step, Renounce Religion


You were on level 6 of the Lair of Beasts.
You worshipped Dithmenos.
Dithmenos was greatly pleased with you.
You were very hungry.

You visited 3 branches of the dungeon, and saw 16 of its levels.

You collected 1040 gold pieces.

Inventory:

Hand Weapons
 a - a +2 dagger of speed
 o - a +0 dagger of venom (weapon)
Armour
 b - a +0 robe (worn)
 m - a +0 hat (worn)
 p - a +2 cloak (worn)
Jewellery
 k - an amulet of regeneration (around neck)
 t - a +6 ring of dexterity (left hand)
Wands
 f - a wand of polymorph (24/24)
 D - a wand of paralysis (9/24)
 F - a wand of iceblast (6/15)
Scrolls
 e - 6 scrolls of teleportation
 j - 2 scrolls of enchant armour
 q - 4 scrolls of recharging
 r - 2 scrolls of remove curse
 u - a scroll of noise {unknown}
 v - a scroll of identify
 w - a scroll of vulnerability
 x - a scroll of enchant weapon
 y - 3 scrolls of immolation {unknown}
 E - a scroll of fog
Potions
 g - 5 potions of curing
 h - 4 potions of heal wounds
 i - 4 potions of ambrosia
 n - a potion of might
 s - 2 potions of mutation
 z - a potion of brilliance
 A - 4 potions of flight
 G - a potion of haste
Books
 c - a book of Maledictions

   Spells                             Type                      Level
   a - Corona                         Hexes                        1
   b - Ensorcelled Hibernation        Hexes/Ice                    2
   c - Confuse                        Hexes                        3
   d - Tukima's Dance                 Hexes                        3
   e - Dazzling Spray                 Conjuration/Hexes            3
 l - a book of Minor Magic

   Spells                             Type                      Level
   a - Magic Dart                     Conjuration                  1
   b - Blink                          Translocation                2
   c - Call Imp                       Summoning                    2
   d - Slow                           Hexes                        2
   e - Conjure Flame                  Conjuration/Fire             3
   f - Mephitic Cloud                 Conjuration/Poison/Air       3
Comestibles
 d - 9 bread rations
 B - 6 royal jellies


   Skills:
 - Level 12.1 Short Blades
 + Level 16.3 Dodging
 * Level 16.7 Stealth
 - Level 10.8 Spellcasting
 + Level 11.4 Hexes


You had 24 spell levels left.
You knew the following spells:

 Your Spells              Type           Power        Failure   Level  Hunger
b - Ensorcelled Hibernat  Hex/Ice        ####..       1%          2    None
c - Confuse               Hex            #####...     1%          3    None
d - Blink                 Tloc           N/A          14%         2    None
e - Slow                  Hex            #####...     1%          2    None


Dungeon Overview and Level Annotations

Branches:
Dungeon (9/15)             Temple (1/1) D:7            Lair (6/6) D:9
 Shoals (0/4) Lair:4        Snake (0/4) Lair:4
  Slime: Lair:5-6       Orc: D:9-12

Altars:
Ashenzari
Cheibriados
Dithmenos
Elyvilon
Fedhas
Gozag
Hepliaklqana
Kikubaaqudgha
Makhleb
Nemelex Xobeh
Okawaru
Qazlal
Ru
Sif Muna
Trog
Uskayaw
Vehumet
Wu Jian
Xom
Yredelemnul
Zin
The Shining One

Annotations:
D:2 Robin
D:4 Deemzul's ghost, amateur DsFi
Lair:6 2 runed doors, exclusion: oklob plant


Innate Abilities, Weirdness & Mutations

You are very small and have problems with some larger weapons.
You are too small for most types of armour.
You have supernaturally acute eyesight. (SInv)
You are a herbivore.
You cover ground extremely quickly.
You need consume almost no food.


Message History

The lindwurm barely misses you.
Casting: Ensorcelled Hibernation
Confirm with . or Enter, or press ? or * to list all spells.
Aiming: Ensorcelled Hibernation
Press: ? - help, Shift-Dir - straight line, f/p - lindwurm
Aim: a lindwurm (moderately wounded, poisoned, umbra, not susceptible)
The lindwurm is unaffected.
The lindwurm misses you. The lindwurm completely misses you. x2
You hit the lindwurm but do no damage.
The lindwurm looks as sick as possible!
The lindwurm is moderately wounded.
Casting: Ensorcelled Hibernation
Confirm with . or Enter, or press ? or * to list all spells.
Aiming: Confuse
Press: ? - help, Shift-Dir - straight line, f/p - lindwurm
Aim: a lindwurm (black smoke, moderately wounded, poisoned, umbra, chance to defeat MR: 54%)
The lindwurm resists with significant effort.
The lindwurm breathes flames at you. The blast of flame hits you!
Ouch! That really hurt!
You die...

#...## ##.....###.....##..
#....######.###≈#.....#...
##.....#8#8###≈§≈#....##...
#.........## #§≈##....P#P..
##....§§§§.8##≈§###...P##...
##...†#§§§§.§.§§###....P##...
#..)..#§§§§§#≈≈≈≈##.....##...
#....#§§§§§.#≈≈≈≈###P.####...
##...§§§§§#k@.≈#≈###### ##...
#≈≈§≈..#≈§≈§###§...#≈≈## #....
###§§§§≈≈.S≈≈≈≈§≈#÷..≈§# ##....
#..§.§.######§≈#...≈§# ##.....
...##§§##...$##≈≈...≈≈####..#...
..D.
#≈§#....($#≈≈§...§§##......# ...
...+. .$#§≈≈.§§§≈##......# S..
§§.+.... #≈§§..§.≈##...Y... ≈§
.... #≈≈≈....≈###......


You could see a lindwurm.

Vanquished Creatures
  6 hydras
  Erica (D:9)
  7 death yaks
  Maurice (D:9)
  3 molten gargoyles (Lair:6)
  5 black mambas
  11 spiny frogs
  A rime drake (Lair:3)
  6 komodo dragons
  Grinder (D:5)
  8 blink frogs
  5 hippogriffs
  5 dream sheep
  40 yaks
  4 wyverns
  4 hogs (D:8)
  A human (D:8)
  Grum (D:9)
  A hungry ghost (D:9)
  3 basilisks (Lair:6)
  A steam dragon (Lair:6)
  2 nagas (Lair:4)
  14 water moccasins
  4 hell hounds (Lair:6)
  5 porcupines
  Duvessa (D:7)
  A necrophage (D:6)
  2 orc warriors
  A black bear (Lair:5)
  An ice beast (D:8)
  18 wolves
  2 centaurs
  3 ogres
  11 crocodiles
  7 bullfrogs
  Dowan (D:7)
  A water moccasin skeleton (D:6)
  A scorpion (D:6)
  3 howler monkeys (D:8)
  5 lava snakes (Lair:6)
  8 crimson imps
  A quasit (D:9)
  4 hounds
  2 jellies
  4 orc priests
  2 iguanas
  4 orc wizards
  4 worker ants
  A killer bee zombie (D:7)
  A howler monkey zombie (D:6)
  A worker ant zombie (D:6)
  4 gnolls
  12 adders
  2 river rats (D:3)
  4 shadow imps
  2 adder skeletons
  2 dart slugs
  3 leopard geckos
  15 orcs
  17 giant cockroaches
  12 goblins
  8 hobgoblins
  8 jackals
  2 quokkas
  4 ball pythons
  5 bats
  7 frilled lizards
  4 kobolds
  5 quokka skeletons
  8 rats
  A butterfly (Lair:2)
355 creatures vanquished.

Vanquished Creatures (others)
  21 fungi
  13 plants
34 creatures vanquished.

Grand Total: 389 creatures vanquished

Notes
Turn   | Place    | Note
-------+----------+-------------------------------------------
     0 | D:1      | Patate the Spriggan Enchanter began the quest for the Orb.
     0 | D:1      | Reached XP level 1. HP: 9/9 MP: 5/5
    28 | D:1      | Found a shattered altar of Ashenzari.
   393 | D:1      | Reached skill level 5 in Stealth
   563 | D:1      | Reached XP level 2. HP: 13/13 MP: 6/6
   573 | D:1      | Learned a level 2 spell: Ensorcelled Hibernation
  1162 | D:2      | Reached XP level 3. HP: 14/16 MP: 2/8
  1359 | D:2      | Noticed Robin
  2960 | D:2      | Reached XP level 4. HP: 21/21 MP: 6/9
  3718 | D:1      | Learned a level 3 spell: Confuse
  3721 | D:1      | Learned a level 2 spell: Blink
  3977 | D:3      | Found an ancient bone altar of Kikubaaqudgha.
  4755 | D:3      | Reached XP level 5. HP: 24/24 MP: 7/10
  5271 | D:4      | Noticed Deemzul's ghost (amateur DsFi)
  5813 | D:4      | Reached skill level 5 in Dodging
  5944 | D:5      | Entered Level 5 of the Dungeon
  5968 | D:5      | Found a shimmering altar of Xom.
  6018 | D:5      | Noticed an ogre
  6033 | D:5      | Killed an ogre
  6033 | D:5      | Reached XP level 6. HP: 28/28 MP: 7/11
  6198 | D:5      | Noticed Grinder
  6215 | D:5      | Killed Grinder
  6215 | D:5      | Reached skill level 5 in Short Blades
  6215 | D:5      | Reached XP level 7. HP: 32/32 MP: 8/12
  7403 | D:6      | Reached XP level 8. HP: 36/36 MP: 8/13
  7833 | D:7      | Found a snail-covered altar of Cheibriados.
  7848 | D:7      | Found a staircase to the Ecumenical Temple.
  7859 | Temple   | Entered the Ecumenical Temple
  7950 | Temple   | Became a worshipper of Dithmenos the Shadowed
  8193 | D:7      | Noticed Dowan
  8294 | D:7      | Noticed Duvessa
  8296 | D:7      | Killed Duvessa
  8296 | D:7      | Reached skill level 10 in Stealth
  8303 | D:7      | Killed Dowan
  9047 | D:8      | Reached XP level 9. HP: 38/38 MP: 11/15
  9270 | D:8      | Reached * piety under Dithmenos
  9323 | D:8      | Learned a level 2 spell: Slow
  9456 | D:8      | Reached skill level 5 in Hexes
  9551 | D:8      | Reached skill level 5 in Spellcasting
  9944 | D:9      | Noticed Maurice
  9944 | D:9      | Noticed Erica
  9960 | D:9      | Noticed Grum
 10003 | D:9      | Found a blossoming altar of Fedhas.
 10063 | D:9      | Found a staircase to the Lair.
 10223 | D:9      | Reached ** piety under Dithmenos
 10396 | D:9      | Reached skill level 10 in Dodging
 10633 | D:9      | Killed Grum
 10633 | D:9      | Reached XP level 10. HP: 43/43 MP: 16/20
 10717 | D:9      | Killed Maurice
 11038 | D:9      | Killed Erica
 11199 | Lair:1   | Entered Level 1 of the Lair of Beasts
 11553 | Lair:1   | Noticed a spiny frog
 11560 | Lair:1   | Killed a spiny frog
 11873 | Lair:1   | Noticed a spiny frog
 11881 | Lair:1   | Killed a spiny frog
 12221 | Lair:2   | Noticed a spiny frog
 12226 | Lair:2   | Killed a spiny frog
 12716 | Lair:2   | Reached XP level 11. HP: 36/46 MP: 20/25
 13213 | Lair:3   | Noticed a six-headed hydra
 13490 | Lair:3   | You fall through a shaft for 2 floors!
 13615 | Lair:5   | Noticed an eight-headed hydra
 13616 | Lair:5   | Noticed a six-headed hydra
 13951 | Lair:4   | Found a staircase to the Shoals.
 14487 | Lair:3   | Noticed a six-headed hydra
 14816 | Lair:3   | Reached *** piety under Dithmenos
 14862 | Lair:3   | Reached skill level 15 in Stealth
 15330 | Lair:3   | Reached skill level 15 in Dodging
 15543 | Lair:3   | Reached XP level 12. HP: 50/50 MP: 18/26
 15603 | Lair:3   | Killed a six-headed hydra
 15701 | Lair:3   | Killed a six-headed hydra
 16017 | Lair:4   | Found a staircase to the Snake Pit.
 16830 | Lair:4   | HP: 1/50 [rime drake/flash freeze (17)]
 17029 | Lair:5   | Noticed a seven-headed hydra
 17036 | Lair:5   | Killed a seven-headed hydra
 17104 | Lair:5   | Reached skill level 10 in Short Blades
 17209 | Lair:5   | Killed an eight-headed hydra
 17358 | Lair:5   | Noticed a death yak
 17716 | Lair:6   | Entered Level 6 of the Lair of Beasts
 17894 | Lair:5   | Upgraded the game from 0.20-a0-942-ga5226df to 0.20-a0-945-g3bf614a
 18096 | Lair:5   | Killed a death yak
 18811 | Lair:6   | Reached skill level 10 in Hexes
 18815 | Lair:6   | Reached XP level 13. HP: 55/55 MP: 24/27
 18997 | Lair:6   | Reached skill level 10 in Spellcasting
 19640 | Lair:6   | Found a large runed door.
 20041 | Lair:6   | Reached **** piety under Dithmenos
 20279 | Lair:6   | Found a large runed door.
 20695 | Lair:6   | Killed from afar by a lindwurm

Vault maps used:
D:1:      dpeg_arrival_orchard, evilmike_ruin_ashenzari
D:2:      minmay_roachtagon, kennysheep_generic_room_12, uniq_robin
D:3:      old_standard_altar, first_bread, portal_sewer_entry_e
D:5:      xom_teletrap_fun, uniq_grinder
D:7:      minmay_temple_entry_grid, basic_altar, uniq_duvessa
D:8:      grunt_livestock
D:9:      lair_entry_dummy, basic_altar, uniq_maurice, uniq_erica, uniq_grum
Temple:   grunt_wide_crystal_templ
Lair:2:   lemuel_fruit_fields, serial_bayou_shore_a, grunt_megastairs_2
Lair:4:   minmay_guarded_unrand_snakebite, shoals_dummy_entry,
          guppyfry_snake_entry_garden, portal_ice_cave_entry_pillars_2,
          minivault_23, grunt_megastairs_1
Lair:5:   hangedman_lair_generics_rect, infiniplex_staircase_pool_2
Lair:6:   cheibrodos_lair_end_hotspot, dpeg_slime_entry_enclosed_altar,
          minmay_lair_oklob_chamber

Skill      XL: |  1  2  3  4  5  6  7  8  9 10 11 12 13 |
---------------+----------------------------------------+-----
Stealth        | 5 6 7 10 12 13 15 16 | 16.7
Short Blades   | 3 4 5 8 12 | 12.1
Dodging        | 4 5 6 8 10 11 15 16 | 16.3
Spellcasting   | 3 6 9 10 | 10.8
Hexes          | 4 6 9 10 11 | 11.4

Action                   |  1- 3 |  4- 6 |  7- 9 | 10-12 | 13-15 || total
-------------------------+-------+-------+-------+-------+-------++-------
Melee: Dagger            |   201 |   210 |   539 |   532 |   113 ||  1595
 Cast: Ensorcelled Hiber |    38 |    45 |    83 |   213 |    97 ||   476
       Confuse           |       |     2 |    17 |    22 |    14 ||    55
       Slow              |       |       |       |     2 |       ||     2
       Blink             |       |       |       |     1 |     1 ||     2
Invok: Shadow Step       |       |       |       |     6 |     2 ||     8
Evoke: Wand              |       |       |       |       |     1 ||     1
  Use: Scroll            |     3 |     4 |     5 |    13 |     1 ||    26
       Potion            |       |       |       |     2 |     2 ||     4
 Stab: Sleeping          |    31 |    31 |    64 |   106 |    29 ||   261
       Distracted        |     1 |       |     2 |     2 |       ||     5
       Confused          |       |     2 |     6 |    16 |     5 ||    29
  Eat: Fruit             |     2 |     3 |     2 |     6 |     1 ||    14
       Bread ration      |       |     1 |     1 |       |       ||     2
       Royal jelly       |       |       |     1 |       |       ||     1
Armor: Robe              |    17 |    21 |    11 |    14 |     3 ||    66
Dodge: Dodged            |   168 |   149 |   323 |   432 |    90 ||  1162
